 Dungeon Crawl Stone Soup version 0.30-a0-250-g41c1d76940 (webtiles) character file.

Game seed: 14018231155917328724

674 ytrimaz the Trooper (level 7, -3/56 HPs)
             Began as a Djinni Gladiator on Oct 12, 2022.
             Was an Initiate of Ashenzari.
             Slain by a centaur (5 damage)
             ... on level 5 of the Dungeon.
             The game lasted 00:04:25 (2924 turns).

ytrimaz the Trooper (Djinni Gladiator)              Turns: 2924, Time: 00:04:26

Health: -3/56      AC:  7    Str: 13    XL:     7   Next: 90%
Gold:   240        EV: 12    Int: 11    God:    Ashenzari [......] SH:  0 Dex: 15

rFire   + + +      SeeInvis .    g - +7 quarterstaff "Mixtusa" {vorpal, +Blink rN++}
rCold   x . .      Faith    .    (shield currently unavailable)
rNeg    + + .      Spirit   .    q - +0 acid dragon scales
rPois   ∞          Reflect  .    c - +0 helmet
rElec   .          Harm     .    (no cloak)
rCorr   +          Rampage  .    (no gloves)
Will    .....                    (boots unavailable)
Stlth   +.........               (no amulet)
HPRegen 0.29/turn                f - ring of protection from fire
MPRegen 0.00/turn                (no ring)

@: flying
A: sickness immunity, fire resistance 2, cold vulnerability 1, float, innate
caster, HP casting, extra vitality 1
a: Renounce Religion, Evoke Blink, Curse Item


You were on level 5 of the Dungeon.
You worshipped Ashenzari.
Ashenzari was noncommittal.
You visited 2 branches of the dungeon, and saw 6 of its levels.

You collected 240 gold pieces.


Innate Abilities, Weirdness & Mutations

You are immune to sickness and miasma.
You are immune to poison.
Your flesh is very heat resistant. (rF++)
You are vulnerable to cold. (rC-)
You float through the air rather than walking.
You learn spells naturally, not from books.
Your magical power is your life essence.
You have superior vitality. (+4 MHP)


   Skills:
 + Level 6.0 Fighting
 + Level 5.8 Staves
 - Level 1.5 Throwing
 - Level 3.2 Dodging


You had one spell level left.
You knew the following spells:

 Your Spells              Type           Power      Damage    Failure   Level
a - Sandblast             Erth           0%         2d4       45%         1
b - Blink                 Tloc           0%         N/A       61%         2
c - Momentum Strike       Conj/Tloc      0%         3d8       61%         2
Your spell library was empty.

Inventory:

Hand Weapons
 g - the +7 quarterstaff "Mixtusa" (weapon) {vorpal, +Blink rN++}
   (You found it on level 2 of the Dungeon)

   It inflicts extra damage upon your enemies.
   rN:        It greatly protects you from negative energy.
   +Blink:    It lets you blink.
Missiles
 d - 3 throwing nets
 e - a javelin
Armour
 c - a +0 helmet (worn)
 q - +0 acid dragon scales (worn)
   (You found it on level 4 of the Dungeon)
Jewellery
 f - a ring of protection from fire (left hand)
   (You found it on level 1 of the Dungeon)
Scrolls
 a - a scroll of vulnerability
 k - 2 scrolls of teleportation
 p - a scroll of poison
 s - a scroll of identify
 u - a scroll of blinking
 v - a scroll of magic mapping
 w - a scroll of butterflies {unknown}
Potions
 b - a potion of magic {unknown}
 h - a potion of might {unknown}
 i - a potion of attraction {unknown}
 j - 8 potions of curing
 l - 2 potions of degeneration {unknown}
 m - 3 potions of haste {unknown}
 n - a potion of invisibility {unknown}
 o - a potion of heal wounds {unknown}
 r - a potion of experience {unknown}
 t - a potion of flight {unknown}

Dungeon Overview and Level Annotations

Branches:
Dungeon (5/15) Zot: 26630  Temple (1/1) D:4 Zot: 5824

Altars:
Ashenzari
Dithmenos
Fedhas
Gozag
Hepliaklqana
Makhleb
Nemelex Xobeh
Ru
Trog
Uskayaw
Wu Jian
Xom
Yredelemnul
Zin
The Shining One

Shops:
D:5

** .......## ........#
.. #.#.....## ..
#.#......## #. #...#
#...# #. #### ## .Sg##
#.... #.#8∩8#... )..#
...### #......... ..####
#....###.........
#.)..###........@.......
.....#g##..g...c#8∩8#...
...#..Sg).......#####
...#..g###.......
........##.##....
........#...#....
........##..#....
####....#..#.....##.
#........##.)..##.


You could see a centaur and a gnoll.


Message History

Something hits you but does no damage. The gnoll closely misses you. 😕 HP[-1]
You take 1 damage, and now have 53/56 hp.
Unknown command.
You barely miss the gnoll bouda.
A gnoll comes into view. It is wielding a +0 flail.
A gnoll comes into view. It is wielding a +0 club.
Something hits you. The orc hits you with a +0 club.
The gnoll hits you from afar with a +0 halberd. 😕 HP[-7]
You take 7 damage, and now have 46/56 hp.
Something hits you.
The gnoll bouda barks out a call to the hunt!
The gnolls pick up the pace!
The orc closely misses you. The gnoll misses you.
Things that are here:
a +0 hand axe; an orc corpse; 😕 HP[-3]
You take 3 damage, and now have 43/56 hp.
Unknown command.
You thump the gnoll!
You kill the gnoll!
The gnoll barely misses you. The gnoll bouda barely misses you.
Something hits you. The orc barely misses you. 😮 HP[-3]
You take 3 damage, and now have 40/56 hp.
Unknown command.
A gnoll comes into view. It is wielding a +0 spear.
The gnoll closely misses you.
The gnoll bouda hits you but does no damage.
Unknown command.
The gnoll bouda attacks as you move away!
The gnoll bouda hits you with a +0 whip.
Something hits you.
The gnoll bouda barks out a call to the hunt!
The gnoll picks up the pace!
The gnoll hits you with a +0 flail. 😮 HP[-7]
You take 7 damage, and now have 33/56 hp.
Something hits you. The gnoll attacks as you move away!
The gnoll hits you with a +0 flail.
* * * LOW HITPOINT WARNING * * *
The gnoll hits you but does no damage.
You see here a +0 club. 😨 HP[-6]
You take 6 damage, and now have 27/56 hp.
Something hits you but does no damage. 😨 HP[+1]
Something hits you but does no damage. The orc attacks as you move away!
The orc hits you but does no damage. 😮 HP[+1]
Something completely misses you.
You miss something. 😮 HP[+1]
You sock the orc!
You kill the orc!
The gnoll is no longer moving quickly.
Something barely misses you.
The gnoll hits you from afar with a +0 spear.
* * * LOW HITPOINT WARNING * * *
Ashenzari invites you to partake of a vision and a curse of cunning and melee combat. 😨 HP[-4]
You take 4 damage, and now have 26/56 hp.
The centaur shouts!
You sock the gnoll!
The gnoll is no longer moving quickly.
The centaur shoots an arrow.
The arrow hits you!
* * * LOW HITPOINT WARNING * * *
The gnoll hits you but does no damage.
The gnoll bouda gazes fiercely through you!
You feel your attacks grow feeble. Something hits you.
* * * LOW HITPOINT WARNING * * *
The gnoll barely misses you. 😨 HP[-10]
You take 10 damage, and now have 16/56 hp.
Okay, then.
Okay, then.
Blink to where?
Press: ? - help, Dir - move target
Found Tiutt's General Store and Meil Qecrune's Specific Store.
As you read the scroll labelled ATE TEIXTASTRIEVUA, it crumbles to dust.
It was a scroll of blinking.
The centaur unwields a +0 shortbow.
The centaur hits you.
* * * LOW HITPOINT WARNING * * *
The centaur kicks you.
* * * LOW HITPOINT WARNING * * *
😱 HP[-4]
You take 4 damage, and now have 12/56 hp.
Unknown command.
You closely miss the centaur. The centaur hits you.
* * * LOW HITPOINT WARNING * * *
The centaur kicks you but does no damage.
The centaur hits you.
* * * LOW HITPOINT WARNING * * *
The centaur kicks you but does no damage. 😱 HP[-10]
You take 10 damage, and now have 2/56 hp.
Unknown command.
You thump the centaur!
Your attacks no longer feel as feeble.
The centaur hits you.
You die...

Skill      XL: |  1  2  3  4  5  6  7 |
---------------+----------------------+-----
Staves         | 3 4 5 |  5.8
Fighting       | 3 4 5 6 |  6.0
Throwing       | |  1.5
Dodging        | |  3.2

Action                   |  1- 3 |  4- 6 |  7- 9 || total
-------------------------+-------+-------+-------++-------
Melee: Quarterstaff      |    81 |   122 |    29 ||   232
 Cast: Sandblast         |     1 |       |       ||     1
  Use: Scroll            |     3 |     7 |     1 ||    11
       Potion            |       |       |     2 ||     2
 Stab: Sleeping          |     1 |     3 |       ||     4
Armor: Leather armour    |    34 |    42 |       ||    76
       Acid dragon scale |       |       |    19 ||    19
Dodge: Dodged            |    87 |   108 |    24 ||   219

Levels and vault maps discovered:
D:1:      onia_arrival_zoo_common, layout_loops_cross, corner_web_ring,
          skrybe_limestone_x
D:2:      layout_basic
D:3:      layout_rooms, mainiacjoe_overflow_alcove_1
D:4:      layout_rooms, minmay_temple_entry_gardened_gates, minmay_checkerbox
D:5:      layout_cave_pools, nicolae_specific_store
Temple:   eino_temple_rhombus

Notes
Turn   | Place    | Note
-------+----------+-------------------------------------------
     0 | D:1      | ytrimaz the Djinni Gladiator began the quest for the Orb.
     0 | D:1      | Reached XP level 1. HP: 18/18 MP: 0/0
     0 | D:1      | magus.rc [v1.9.6]
     6 | D:1      | Noticed a killer bee
     6 | D:1      | Noticed a swamp drake
     7 | D:1      | Noticed a wolf
     7 | D:1      | Noticed a komodo dragon
   147 | D:1      | Reached XP level 2. HP: 23/23 MP: 0/0
   151 | D:1      | Reached skill level 3 in Staves
   378 | D:1      | Reached XP level 3. HP: 26/29 MP: 0/0
   378 | D:1      | Learned a level 1 spell: Sandblast
   827 | D:2      | Identified the +7 quarterstaff "Mixtusa" {vorpal, +Blink
                  | rN++}
   933 | D:2      | Reached skill level 3 in Fighting
  1007 | D:2      | Reached XP level 4. HP: 35/35 MP: 0/0
  1476 | D:3      | Reached skill level 4 in Staves
  1476 | D:3      | Reached XP level 5. HP: 36/41 MP: 0/0
  1476 | D:3      | Learned a level 2 spell: Blink
  1518 | D:3      | Found a sparkling altar of Nemelex Xobeh.
  1726 | D:3      | Reached skill level 4 in Fighting
  1877 | D:4      | Found a staircase to the Ecumenical Temple.
  1883 | Temple   | Entered the Ecumenical Temple
  2042 | Temple   | Became a worshipper of Ashenzari the Shackled
  2112 | D:4      | Reached XP level 6. HP: 34/47 MP: 0/0
  2492 | D:4      | Reached skill level 5 in Fighting
  2492 | D:4      | Reached skill level 5 in Staves
  2514 | D:4      | Noticed an ogre
  2519 | D:4      | Killed an ogre
  2520 | D:4      | Reached XP level 7. HP: 51/54 MP: 0/0
  2520 | D:4      | Learned a level 2 spell: Momentum Strike
  2557 | D:5      | Entered Level 5 of the Dungeon
  2773 | D:5      | HP: 9/55 [orc priest/divine providence (12)]
  2896 | D:5      | Reached skill level 6 in Fighting
  2922 | D:5      | Found Tiutt's General Store.
  2922 | D:5      | Found Meil Qecrune's Specific Store.
  2922 | D:5      | HP: 14/56 [centaur (3)]
  2923 | D:5      | HP: 6/56 [centaur (6)]
  2923 | D:5      | HP: 2/56 [centaur (4)]
  2924 | D:5      | Slain by a centaur

Vanquished Creatures
  An ice beast (D:5)
  An ogre (D:4)
  2 necrophages (D:4)
  A scorpion (D:5)
  2 hounds
  An orc priest (D:5)
  An iguana (D:5)
  An orc wizard (D:4)
  2 gnolls
  3 adders (D:2)
  A white imp (D:3)
  2 worms (D:3)
  4 dart slugs
  8 orcs
  6 bats
  3 endoplasms
  3 giant cockroaches
  7 goblins
  3 hobgoblins (D:1)
  19 jackals
  5 quokkas
  16 ball pythons
  3 frilled lizards
  6 kobolds
  2 rats
103 creatures vanquished.

Table legend:
 A = Non-vault XP
 B = Vault XP
 C = Vault XP percentage of total XP
 D = Non-vault monster count
 E = Vault monster count
 F = Vault count percentage of total count
                 A         B        C        D         E       F
            +---------+---------+-------+---------+---------+-------
      Total |     952 |      11 |   1.1 |      99 |       4 |   3.9
            +---------+---------+-------+---------+---------+-------
        D:1 |      41 |       0 |   0.0 |      23 |       0 |   0.0
        D:2 |      68 |       0 |   0.0 |      20 |       0 |   0.0
        D:3 |     100 |       0 |   0.0 |      23 |       0 |   0.0
        D:4 |     428 |      11 |   2.5 |      26 |       4 |  13.3
        D:5 |     315 |       0 |   0.0 |       7 |       0 |   0.0
            +---------+---------+-------+---------+---------+-------

Illustrated notes

Table legend:
 A = Kills in this place as a percentage of kills in entire the game.
 B = Kills by you in this place as a percentage of kills by you in the entire game.
 C = Kills by friends in this place as a percentage of kills by friends in the entire game.
 D = Other kills in this place as a percentage of other kills in the entire game.
 E = Experience gained in this place as a percentage of experience gained in the entire game.
 F = Experience gained in this place divided by the number of levels of this place that you have seen.
                   A       B       C       D       E      F
               +-------+-------+-------+-------+-------+----------------------
         Total | 100.0 | 100.0 |   N/A |   N/A | 100.0 | 160.5
       Dungeon | 100.0 | 100.0 |   N/A |   N/A | 100.0 | 192.6
               +-------+-------+-------+-------+-------+----------------------

Table legend: (Time is in decaauts)
 A = Elapsed time spent in this place.
 B = Non-inter-level travel time spent in this place.
 C = Inter-level travel time spent in this place.
 D = Time resting spent in this place.
 E = Time spent auto-exploring this place.
 F = Levels seen in this place.
 G = Mean time per level.
                   A        B        C        D        E       F      G
               +--------+--------+--------+--------+--------+-----+--------+
         Total |   2948 |   2768 |    180 |    124 |   1987 |   6 |  491.3 |
       Dungeon |   2772 |   2615 |    157 |    124 |   1849 |   5 |  554.4 |
        Temple |    175 |    152 |     23 |      0 |    138 |   1 |  175.0 |
               +--------+--------+--------+--------+--------+-----+--------+

Top non-repeatable levels by time:
     D:1: 792 daAuts
     D:4: 682 daAuts
     D:3: 570 daAuts
     D:2: 511 daAuts
     D:5: 215 daAuts
  Temple: 175 daAuts
